 Dungeon Crawl Stone Soup version 0.24.0-123-gd5b16e6ec5 (webtiles) character file.

Game seed: 10320071201080592617, levelgen mode: deterministic

43 Exporg the Shield-Bearer (level 3, -1/46 HPs)
             Began as a Formicid Fighter on Dec 20, 2019.
             Succumbed to a goblin's poison
             ... on level 2 of the Dungeon.
             The game lasted 00:01:42 (911 turns).

Exporg the Shield-Bearer (Formicid Fighter)          Turns: 911, Time: 00:01:42

Health: -1/46      AC: 21    Str: 20    XL:     3   Next: 82%
Magic:  3/3        EV:  2    Int: 14    God:
Gold:   74         SH:  9    Dex: 11    Spells: 2/2 levels left

rFire    . . .     SeeInvis .   a - +0 trident
rCold    . . .     Gourm    .   c - +0 shield
rNeg     + + +     Faith    .   (armour currently unavailable)
rPois    +         Spirit   .   (helmet unavailable)
rElec    .         Reflect  .   (cloak currently unavailable)
rCorr    .         Harm     .   (gloves currently unavailable)
MR       +....                  (boots currently unavailable)
Stlth    +.........             (no amulet)
HPRegen  0.15/turn              (no ring)
MPRegen  0.08/turn              (no ring)

@: brilliant, lethally poisoned (-1 -> -28), tree-form
A: permanent stasis, dig shafts and tunnels, four strong arms, clever 1, magic
resistance 1, robust 1
a: no special abilities


You were on level 2 of the Dungeon.
You were not hungry.
You were a tree.
You visited 1 branch of the dungeon, and saw 2 of its levels.

You collected 74 gold pieces.

Inventory:

Hand Weapons
 a - a +0 trident (weapon)
Missiles
 i - 26 bolts
Armour
 b - a +0 scale mail (melded)
 c - a +0 shield (worn)
Scrolls
 h - a scroll of remove curse {unknown}
 j - a scroll of enchant weapon {unknown}
 k - a scroll of teleportation {unknown}
 m - a scroll of fog {unknown}
 n - a scroll of magic mapping {unknown}
 o - a scroll of identify {unknown}
Potions
 d - a potion of might
 e - a potion of berserk rage
Comestibles
 f - a ration
 l - 9 chunks of flesh


   Skills:
 + Level 3.5 Fighting
 + Level 2.6 Polearms
 + Level 3.7 Armour
 + Level 0.2 Dodging
 + Level 4.1 Shields


You had 2 spell levels left.
You didn't know any spells.
Your spell library was empty.

Dungeon Overview and Level Annotations

Branches:
Dungeon (2/15)

Altars:
Ashenzari
Okawaru
Qazlal
Ru


Innate Abilities, Weirdness & Mutations

You cannot be hasted, slowed, berserked, paralysed or teleported.
You can dig through walls and to a lower floor.
Your four strong arms can wield two-handed weapons with a shield.
((You have a pair of large antennae on your head. (SInv)))
Your mind is acute. (Int +2)
You are resistant to hostile enchantments. (MR+)
You are robust. (+10% HP)
((You are resistant to electric shocks. (rElec)))


Message History

* * * LOW HITPOINT WARNING * * *
You feel sick. The goblin barely misses you.
Okay, then.
It was a potion of lignification.
You turn into a tree.
Your +0 scale mail melds into your body.
Your roots penetrate the ground.
* * * LOW HITPOINT WARNING * * *
You feel sick. The goblin hits you but does no damage.
It was a potion of brilliance.
You feel clever all of a sudden.
* * * LOW HITPOINT WARNING * * *
You feel sick. You block the goblin's attack.
It was a potion of mutation.
You feel extremely strange.
You feel resistant to hostile enchantments.
You feel clever.
You feel robust.
You feel insulated.
* * * LOW HITPOINT WARNING * * *
You feel sick. The goblin hits you but does no damage.
You are more poisoned.
You hit the goblin but do no damage.
You die...

#....... ######### #.#####.
#.......# ##.## ##. #.......#
#...###.. ###.......# #.......#
.........# #...###.. #.......#
##### ##. #...g...# #.
#$..♣[..# #. #. ####.#### #####
#. #. ######.#### #..(####. #.
#.........# #......#.
#.##.##......#####..._..#.
#####..................._8_...
.........##......#####..._...#
.#####................##.......
...........#...........##.#####


You could see a goblin.

Vanquished Creatures
  An ooze (D:1)
  A worm (D:2)
  A dart slug (D:1)
  2 leopard geckos
  3 giant cockroaches
  5 goblins
  4 hobgoblins
  2 jackals (D:1)
  4 bats
  2 frilled lizards (D:1)
  6 rats
31 creatures vanquished.

Notes
Turn   | Place    | Note
-------+----------+-------------------------------------------
     0 | D:1      | Exporg the Formicid Fighter began the quest for the Orb.
     0 | D:1      | Reached XP level 1. HP: 18/18 MP: 1/1
   348 | D:1      | Reached XP level 2. HP: 24/24 MP: 2/2
   511 | D:1      | Reached skill level 4 in Shields
   511 | D:1      | Reached XP level 3. HP: 29/29 MP: 3/3
   791 | D:2      | Found a sacrificial altar of Ru.
   792 | D:2      | Found a stormy altar of Qazlal.
   792 | D:2      | Found a shattered altar of Ashenzari.
   793 | D:2      | Found an iron altar of Okawaru.
   910 | D:2      | Gained mutation: You are resistant to hostile enchantments.
                  | (MR+) [potion of mutation]
   910 | D:2      | Gained mutation: Your mind is acute. (Int +2) [potion of
                  | mutation]
   910 | D:2      | Gained mutation: You are robust. (+10% HP) [potion of
                  | mutation]
   910 | D:2      | Gained mutation: You are resistant to electric shocks.
                  | (rElec) [potion of mutation]
   910 | D:2      | HP: 1/46 [poisoned by a goblin]
   911 | D:2      | Succumbed to a goblin's poison

Levels and vault maps discovered:
D:1:      minmay_arrival_semitransparent, layout_loops_cross, minmay_door_square
D:2:      layout_loops_ring, chequers_temple_overflow_statue_of_worship

Skill      XL: |  1  2 |
---------------+-------+-----
Shields        | 4 |  4.1
Fighting       | |  3.5
Polearms       | |  2.6
Armour         | |  3.7
Dodging        | |  0.2

Action                   || total
-------------------------++-------
Melee: Trident           ||   125
  Use: Potion            ||     4
Armor: Scale mail        ||    48
       Skin              ||     1
Dodge: Dodged            ||    31
Block: Shield            ||    61
